MLB
MIAMI MARLINS @ WASHINGTON NATIONALS
08/30/2019
 
TOP OF THE 1ST
Miami Marlins batting - Pitching for Washington Nationals : RHP Corey Kluber
Pitching: RHP Corey Kluber
Batting: LHB Kyle Tucker 0-0: Foul Ball, location: 2F
0-1: Called Strike
0-2: Ball
1-2: Foul Ball, location: 2F
1-2: Foul Ball, location: 2F
1-2: Ball
2-2: Strikes out looking
Batting: LHB David Dahl 0-0: Ball
1-0: Foul Ball, location: 2F
1-1: Called Strike
1-2: Foul Ball, location: 2F
1-2: Ground out 4-3 (Groundball, 4, EV 99.4 MPH)
Batting: SHB Francisco Lindor 0-0: Ball
1-0: Called Strike
1-1: Swinging Strike
1-2: Ball
2-2: Strikes out looking
Top of the 1st over - 0 runs, 0 hits, 0 errors, 0 left on base; Miami 0 - Washington 0
BOTTOM OF THE 1ST
Washington Nationals batting - Pitching for Miami Marlins : LHP Blaine Hardy
Pitching: LHP Blaine Hardy
Batting: LHB Adam Eaton 0-0: Ball
1-0: Foul Ball, location: 2F
1-1: Called Strike
1-2: Foul Ball, location: 2F
1-2: SINGLE (Line Drive, 9S, EV 100.6 MPH)
Batting: RHB Yulieski Gurriel 0-0: Ball
1-0: Ball
2-0: Called Strike
2-1: Fly out, F5 (Popup, 5DF, EV 70.0 MPH)
Batting: LHB Andrew Benintendi 0-0: Ball
1-0: Ball
2-0: Called Strike
2-1: Called Strike
2-2: Ball
3-2: Fly out, F8 (Flyball, 8RD, EV 98.1 MPH)
Batting: RHB Tyler White 0-0: Called Strike
0-1: Swinging Strike
0-2: Ball
Adam Eaton steals 2nd base
1-2: Ball
2-2: Foul Ball, location: 2F
2-2: Ball
3-2: 2-RUN HOME RUN (Flyball, 78XD, EV 89.4 MPH), Distance : 387 ft
Batting: LHB Jackie Bradley Jr. 0-0: Fly out, F7 (Flyball, 7D, EV 96.9 MPH)
Bottom of the 1st over - 2 runs, 2 hits, 0 errors, 0 left on base; Miami 0 - Washington 2
TOP OF THE 2ND
Miami Marlins batting - Pitching for Washington Nationals : RHP Corey Kluber
Batting: RHB Javier Baez 0-0: Foul Ball, location: 2F
0-1: Swinging Strike
0-2: Strikes out swinging
Batting: RHB Miguel Andujar 0-0: Called Strike
0-1: SINGLE (Groundball, 6D, EV 100.0 MPH)
Batting: LHB Max Kepler 0-0: Ball
1-0: Ball
2-0: Called Strike
2-1: Swinging Strike
2-2: Foul Ball, location: 2F
2-2: Foul Ball, location: 2F
2-2: Grounds into double play, 1-4-3 (Groundball, 15S, EV 65.6 MPH)
Top of the 2nd over - 0 runs, 1 hit, 0 errors, 0 left on base; Miami 0 - Washington 2
BOTTOM OF THE 2ND
Washington Nationals batting - Pitching for Miami Marlins : LHP Blaine Hardy
Batting: RHB Chris Taylor 0-0: Ball
1-0: Ball
2-0: TRIPLE (Flyball, 89XD, EV 104.4 MPH)
Batting: SHB Jed Lowrie 0-0: Ground out 1-3 (Groundball, 15, EV 68.1 MPH)
Batting: RHB Austin Barnes 0-0: SINGLE (Line Drive, 9S, EV 90.0 MPH)
Chris Taylor scores
Batting: RHB Corey Kluber 0-0: Sac Bunt to P - play at first, batter OUT! 1-4
Austin Barnes to second
Batting: LHB Adam Eaton 0-0: Ground out U3 (Groundball, 3, EV 90.6 MPH)
Bottom of the 2nd over - 1 run, 2 hits, 0 errors, 1 left on base; Miami 0 - Washington 3
TOP OF THE 3RD
Miami Marlins batting - Pitching for Washington Nationals : RHP Corey Kluber
Batting: RHB C.J. Cron 0-0: SOLO HOME RUN (Flyball, 9D, EV 105.6 MPH), Distance : 370 ft
Batting: LHB Chance Sisco 0-0: Ball
1-0: Called Strike
1-1: Called Strike
1-2: Foul Ball, location: 2F
1-2: Ball
2-2: Foul Ball, location: 2F
2-2: Foul Ball, location: 2F
2-2: Strikes out swinging
Batting: LHB Blaine Hardy 0-0: Called Strike
0-1: SINGLE (Groundball, 4MD, EV 101.9 MPH)
Batting: LHB Kyle Tucker 0-0: Swinging Strike
0-1: Ball
1-1: Swinging Strike
1-2: Strikes out swinging
Batting: LHB David Dahl 0-0: Ball
1-0: Fly out, F7 (Flyball, 78S, EV 88.8 MPH)
Top of the 3rd over - 1 run, 2 hits, 0 errors, 1 left on base; Miami 1 - Washington 3
BOTTOM OF THE 3RD
Washington Nationals batting - Pitching for Miami Marlins : LHP Blaine Hardy
Batting: RHB Yulieski Gurriel 0-0: Called Strike
0-1: Swinging Strike
0-2: Strikes out swinging
Batting: LHB Andrew Benintendi 0-0: Ball
1-0: Called Strike
1-1: SINGLE (Line Drive, 78M, EV 94.4 MPH)
Batting: RHB Tyler White 0-0: Ball
1-0: Ball
2-0: Ball
3-0: Called Strike
3-1: DOUBLE (Line Drive, 9LS, EV 102.5 MPH)
Andrew Benintendi to third
Batting: LHB Jackie Bradley Jr. 0-0: Called Strike
0-1: Called Strike
0-2: Fly out, F8 (Flyball, 78D, EV 105.6 MPH)
Runner from 3rd tags up, SCORES, no throw by CF
Batting: RHB Chris Taylor 0-0: Called Strike
0-1: Ball
1-1: Ground out 6-3 (Groundball, 6, EV 88.8 MPH)
Bottom of the 3rd over - 1 run, 2 hits, 0 errors, 1 left on base; Miami 1 - Washington 4
TOP OF THE 4TH
Miami Marlins batting - Pitching for Washington Nationals : RHP Corey Kluber
Batting: SHB Francisco Lindor 0-0: SINGLE (Line Drive, 78M, EV 101.3 MPH)
Batting: RHB Javier Baez 0-0: Called Strike
0-1: Called Strike
0-2: Strikes out looking
Batting: RHB Miguel Andujar 0-0: Called Strike
0-1: SINGLE (Line Drive, 7LS, EV 103.8 MPH)
Francisco Lindor to second
Batting: LHB Max Kepler 0-0: Called Strike
0-1: Swinging Strike
0-2: Strikes out looking
Batting: RHB C.J. Cron 0-0: Ball
1-0: Ball
2-0: 3-RUN HOME RUN (Line Drive, 7LD, EV 97.5 MPH), Distance : 356 ft
Batting: LHB Chance Sisco 0-0: SINGLE (Groundball, 34D, EV 106.9 MPH)
Batting: LHB Blaine Hardy 0-0: Ball
Wild Pitch!
Chance Sisco to second
1-0: Called Strike
1-1: Foul Ball, location: 2F
1-2: Ball
2-2: Strikes out swinging
Top of the 4th over - 3 runs, 4 hits, 0 errors, 1 left on base; Miami 4 - Washington 4
BOTTOM OF THE 4TH
Washington Nationals batting - Pitching for Miami Marlins : LHP Blaine Hardy
Batting: SHB Jed Lowrie 0-0: Called Strike
0-1: Ball
1-1: Ball
2-1: Ball
3-1: Base on Balls
Batting: RHB Austin Barnes 0-0: Ball
1-0: Ball
2-0: Ball
3-0: Called Strike
3-1: Foul Ball, location: 2F
3-2: Fielders Choice at 2nd, 6-4 (Groundball, 6, EV 83.8 MPH)
Batting: RHB Corey Kluber 0-0: Bunted foul
0-1: Sac Bunt to 23 - play at first, batter OUT! 3-4
Austin Barnes to second
Batting: LHB Adam Eaton 0-0: Ball
1-0: Called Strike
1-1: Ball
2-1: Called Strike
2-2: Fly out, F8 (Flyball, 8RS, EV 89.4 MPH)
Bottom of the 4th over - 0 runs, 0 hits, 0 errors, 1 left on base; Miami 4 - Washington 4
TOP OF THE 5TH
Miami Marlins batting - Pitching for Washington Nationals : RHP Corey Kluber
Batting: LHB Kyle Tucker 0-0: Called Strike
0-1: Ball
1-1: Called Strike
1-2: Strikes out swinging, 2-3 out at first.
Batting: LHB David Dahl 0-0: Fly out, F8 (Flyball, 8LXD, EV 104.4 MPH)
Batting: SHB Francisco Lindor 0-0: Ball
1-0: SINGLE (Line Drive, 7S, EV 107.5 MPH)
Batting: RHB Javier Baez 0-0: Ball
1-0: Called Strike
1-1: Ball
2-1: Fly out, F8 (Flyball, 8RM, EV 98.1 MPH)
Top of the 5th over - 0 runs, 1 hit, 0 errors, 1 left on base; Miami 4 - Washington 4
BOTTOM OF THE 5TH
Washington Nationals batting - Pitching for Miami Marlins : LHP Blaine Hardy
Batting: RHB Yulieski Gurriel 0-0: Called Strike
0-1: Fly out, F7 (Line Drive, 7, EV 93.1 MPH)
Batting: LHB Andrew Benintendi 0-0: Ball
1-0: Ball
2-0: Called Strike
2-1: Swinging Strike
2-2: Ball
3-2: Foul Ball, location: 2F
3-2: SINGLE (Line Drive, 7LS, EV 101.9 MPH)
Batting: RHB Tyler White 0-0: Ball
1-0: Called Strike
1-1: Foul Ball, location: 2F
1-2: Foul Ball, location: 2F
1-2: SINGLE (Groundball, 6D, EV 96.9 MPH)
Andrew Benintendi to second
Pitching: LHP Luiz Gohara
Batting: LHB Jackie Bradley Jr. 0-0: Called Strike
0-1: Swinging Strike
0-2: Strikes out looking
Batting: RHB Chris Taylor 0-0: Ball
1-0: Called Strike
1-1: Fly out, F8 (Line Drive, 8RM, EV 87.5 MPH)
Bottom of the 5th over - 0 runs, 2 hits, 0 errors, 2 left on base; Miami 4 - Washington 4
TOP OF THE 6TH
Miami Marlins batting - Pitching for Washington Nationals : RHP Corey Kluber
Batting: RHB Miguel Andujar 0-0: Called Strike
0-1: SINGLE (Groundball, 6MD, EV 96.9 MPH)
Batting: LHB Max Kepler 0-0: DOUBLE (Line Drive, 7LS, EV 113.1 MPH)
Miguel Andujar to third
Batting: RHB C.J. Cron 0-0: Intentional Walk
Batting: LHB Chance Sisco 0-0: Called Strike
0-1: Ball
1-1: Foul Ball, location: 2F
1-2: Strikes out looking
Pinch Hitting: RHB Cheslor Cuthbert 0-0: Ball
1-0: Swinging Strike
1-1: Called Strike
1-2: Grounds into double play, 2-2-3 (Groundball, 13S, EV 66.3 MPH)
Top of the 6th over - 0 runs, 2 hits, 0 errors, 2 left on base; Miami 4 - Washington 4
BOTTOM OF THE 6TH
Washington Nationals batting - Pitching for Miami Marlins : LHP Luiz Gohara
Pitching: RHP Zach Putnam
Batting: SHB Jed Lowrie 0-0: Called Strike
0-1: Ball
1-1: Swinging Strike
1-2: Strikes out swinging
Batting: RHB Austin Barnes 0-0: Ball
1-0: Foul Ball, location: 2F
1-1: Swinging Strike
1-2: Ball
2-2: Ground out 1-3 (Groundball, 15, EV 84.4 MPH)
Batting: RHB Corey Kluber 0-0: Called Strike
0-1: Foul Ball, location: 2F
0-2: Ball
1-2: Foul Ball, location: 2F
1-2: Strikes out swinging
Bottom of the 6th over - 0 runs, 0 hits, 0 errors, 0 left on base; Miami 4 - Washington 4
TOP OF THE 7TH
Miami Marlins batting - Pitching for Washington Nationals : RHP Corey Kluber
Batting: LHB Kyle Tucker 0-0: Swinging Strike
0-1: Fly out, F9 (Flyball, 9D, EV 108.8 MPH)
Batting: LHB David Dahl 0-0: DOUBLE (Line Drive, 7LD, EV 108.1 MPH)
Batting: SHB Francisco Lindor 0-0: Intentional Walk
Batting: RHB Javier Baez 0-0: Foul Ball, location: 2F
0-1: Ball
1-1: Ball
2-1: Ball
3-1: Called Strike
3-2: Foul Ball, location: 2F
3-2: Strikes out looking
Batting: RHB Miguel Andujar 0-0: Called Strike
0-1: Foul Ball, location: 2F
0-2: SINGLE (Flyball, 78S, EV 96.3 MPH)
David Dahl to third
Francisco Lindor to second
Batting: LHB Max Kepler 0-0: Ball
1-0: Ball
2-0: Ground out U3 (Groundball, 3, EV 107.5 MPH)
Top of the 7th over - 0 runs, 2 hits, 0 errors, 3 left on base; Miami 4 - Washington 4
BOTTOM OF THE 7TH
Washington Nationals batting - Pitching for Miami Marlins : RHP Zach Putnam
Pitching: RHP Dan Winkler
Batting: LHB Adam Eaton 0-0: Swinging Strike
0-1: Foul Ball, location: 2F
0-2: SINGLE (Groundball, 56D, EV 93.8 MPH)
Batting: RHB Yulieski Gurriel 0-0: Ball
1-0: Swinging Strike
1-1: Foul Ball, location: 2F
1-2: Foul Ball, location: 2F
1-2: Strikes out swinging
Batting: LHB Andrew Benintendi 0-0: Called Strike
0-1: Swinging Strike
0-2: Strikes out swinging
Adam Eaton is caught stealing 2nd base 2-6
Batter strikes out.
Bottom of the 7th over - 0 runs, 1 hit, 0 errors, 0 left on base; Miami 4 - Washington 4
TOP OF THE 8TH
Miami Marlins batting - Pitching for Washington Nationals : RHP Corey Kluber
Batting: RHB C.J. Cron 0-0: Ball
1-0: Foul Ball, location: 2F
1-1: SINGLE (Groundball, 56D, EV 97.5 MPH)
Pitching: RHP Jon Edwards
Batting: LHB Chance Sisco 0-0: Ball
1-0: Ball
2-0: Ball
3-0: Base on Balls
C.J. Cron to second
Pinch Hitting: LHB Alex Gordon 0-0: Called Strike
0-1: Sac Bunt to 3S - play at first, batter OUT! 3-4
C.J. Cron to third
Chance Sisco to second
Batting: LHB Kyle Tucker 0-0: Ball
1-0: Ball
2-0: Ball
3-0: Called Strike
3-1: Foul Ball, location: 2F
3-2: SINGLE (Groundball, 6M, EV 94.4 MPH)
C.J. Cron scores
Chance Sisco to third
Runner from 3rd tries for Home, throw by CF and OUT! 8-2
Batting: LHB David Dahl 0-0: Ball
1-0: Called Strike
Kyle Tucker steals 2nd base
1-1: Foul Ball, location: 2F
1-2: Foul Ball, location: 2F
1-2: SINGLE (Groundball, 56, EV 108.8 MPH) (infield hit)
Kyle Tucker to third
Batting: SHB Francisco Lindor 0-0: Called Strike
0-1: Ball
1-1: Called Strike
1-2: Strikes out swinging
Top of the 8th over - 1 run, 3 hits, 0 errors, 2 left on base; Miami 5 - Washington 4
BOTTOM OF THE 8TH
Washington Nationals batting - Pitching for Miami Marlins : RHP Dan Winkler
Pitching: RHP Jordan Hicks
Batting: RHB Tyler White 0-0: Ball
1-0: Swinging Strike
1-1: Ball
2-1: Ball
3-1: Called Strike
3-2: Strikes out swinging
Batting: LHB Jackie Bradley Jr. 0-0: Ball
1-0: Called Strike
1-1: Ball
2-1: Ball
3-1: SINGLE (Groundball, 4MD, EV 106.3 MPH)
Batting: RHB Chris Taylor 0-0: Foul Ball, location: 2F
0-1: Ball
1-1: Ball
2-1: Swinging Strike
Passed Ball!
Jackie Bradley Jr. to second
2-2: Foul Ball, location: 2F
2-2: Strikes out swinging
Batting: SHB Jed Lowrie 0-0: Ball
1-0: Ball
2-0: Ground out 4-3 (Groundball, 4, EV 104.4 MPH)
Bottom of the 8th over - 0 runs, 1 hit, 0 errors, 1 left on base; Miami 5 - Washington 4
TOP OF THE 9TH
Miami Marlins batting - Pitching for Washington Nationals : RHP Jon Edwards
Pitching: RHP Dominic Leone
Batting: RHB Javier Baez 0-0: Called Strike
0-1: Ball
1-1: Ball
2-1: Foul Ball, location: 2F
2-2: Strikes out swinging
Batting: RHB Miguel Andujar 0-0: Ball
1-0: Fly out, F7 (Flyball, 7LS, EV 77.5 MPH)
Batting: LHB Max Kepler 0-0: Ball
1-0: Ground out 3-1 (Groundball, 34, EV 87.5 MPH)
Top of the 9th over - 0 runs, 0 hits, 0 errors, 0 left on base; Miami 5 - Washington 4
BOTTOM OF THE 9TH
Washington Nationals batting - Pitching for Miami Marlins : RHP Jordan Hicks
Pitching: RHP Blake Treinen
Now at 2B: Rey Navarro
Batting: RHB Austin Barnes 0-0: Ball
1-0: Foul Ball, location: 2F
1-1: Swinging Strike
1-2: Ball
2-2: Ground out 4-3 (Groundball, 34, EV 80.6 MPH)
Pinch Hitting: LHB Yonder Alonso 0-0: Ball
1-0: Swinging Strike
1-1: Ball
2-1: Foul Ball, location: 2F
2-2: Strikes out swinging
Batting: LHB Adam Eaton 0-0: Ball
1-0: Called Strike
1-1: Ball
2-1: Swinging Strike
2-2: Foul Ball, location: 2F
2-2: Ball
3-2: Foul Ball, location: 2F
3-2: Strikes out swinging
Bottom of the 9th over - 0 runs, 0 hits, 0 errors, 0 left on base; Miami 5 - Washington 4
Wednesday, December 4th, 2019 - OOTP Baseball 20.8 Build 73